 Dungeon Crawl Stone Soup version 0.28.0-43-g3370ac3207 (webtiles) character file.

Game seed: 10227712290729847209

63 issech the Cudgeller (level 3, -5/36 HPs)
             Began as a Troll Monk on Mar 27, 2022.
             Slain by an iguana (11 damage)
             ... on level 2 of the Dungeon.
             The game lasted 00:03:38 (1320 turns).

issech the Cudgeller (Troll Monk)                   Turns: 1320, Time: 00:03:39

Health: -5/36      AC:  4    Str: 25    XL:     3   Next: 89%
Magic:  2/2        EV: 10    Int:  6    God:
Gold:   91         SH:  0    Dex: 14    Spells: 2/2 levels left

rFire   . . .      SeeInvis .   m - +3 whip of the Eight Tables {holy, rElec Str+6}
rCold   . . .      Faith    .   (no shield)
rNeg    . . .      Spirit   .   b - +0 robe
rPois   .          Reflect  .   (helmet restricted)
rElec   +          Harm     .   (no cloak)
rCorr   .          Rampage  .   (gloves unavailable)
Will    .....                   (boots unavailable)
Stlth   ++........              (no amulet)
HPRegen 0.92/turn               (no ring)
MPRegen 0.08/turn               (no ring)

@: no status effects
A: large, unfitting armour, claws 3, regeneration 1, shaggy fur 1, tough skin 1
a: no special abilities


You were on level 2 of the Dungeon.
You visited 1 branch of the dungeon, and saw 2 of its levels.

You collected 91 gold pieces.

Inventory:

Hand Weapons
 a - a +0 mace
 i - a +0 flail
 m - the +3 whip of the Eight Tables (weapon) {holy, rElec Str+6}
   (You found it on level 2 of the Dungeon)

   It has been blessed by the Shining One to cause great damage to the undead
   and demons.
   Str:       It affects your strength (+6).
   rElec:     It insulates you from electricity.
Missiles
 c - 26 stones (quivered)
 g - 26 arrows
 h - 26 sling bullets
Armour
 b - a +0 robe (worn)
Jewellery
 l - an amulet of faith
Scrolls
 d - 3 scrolls of identify {unknown}
 e - a scroll of amnesia {unknown}
 f - a scroll of blinking {unknown}
 n - a scroll of fear {unknown}
 o - a scroll of enchant weapon {unknown}
Potions
 j - a potion of curing {unknown}
 k - a potion of cancellation {unknown}


   Skills:
 + Level 2.8 Fighting
 + Level 3.6 Maces & Flails
 + Level 2.9 Dodging
 + Level 1.1 Stealth


You had 2 spell levels left.
You didn't know any spells.
Your spell library was empty.

Dungeon Overview and Level Annotations

Branches:
Dungeon (2/15)

Altars:


Innate Abilities, Weirdness & Mutations

You are too large for most types of armour.
You have claws for hands.
Your natural rate of healing is unusually fast.
You are covered in fur. (AC +1)
You have tough skin. (AC +1)


Message History

The adder poisons you!
You hit the adder.
You kill the adder!
You feel sick.
Found a scroll labelled IZUSUNGURGH.
You feel sick. The goblin hits you but does no damage.
You feel sick.
You miss the goblin.
You feel sick. The goblin hits you but does no damage.
You hit the goblin.
The goblin is moderately wounded.
The goblin closely misses you.
You closely miss the goblin.
The goblin is moderately wounded.
You feel sick.
You hit the goblin.
You kill the goblin!
You feel sick.
You feel sick.
You see here a +0 dagger.
An iguana comes into view.
You feel sick.
You are no longer poisoned.
You see here a +0 dagger.
The iguana bites you!
You hit the iguana.
The iguana is moderately wounded.
You hit the iguana.
The iguana is heavily wounded.
The iguana bites you.
You hit the iguana but do no damage.
The iguana is heavily wounded.
The iguana bites you!
* * * LOW HITPOINT WARNING * * *
You hit the iguana but do no damage.
The iguana is heavily wounded.
The iguana barely misses you.
You hit the iguana.
The iguana is severely wounded.
The iguana bites you!
You die...

#.#..# ##.# .#
..#.#..#####... ....
#.#.#..#.....#. #.#.#
#.#.#..#.###... .....
#.#.#..# # ##.# #.#.#
#.#.#..#.## #.
....###.#........ ..
#?#.#.#...........####.
......l@)........... ..
#.#.#.#.############ ##
.....# #.#.#.# .......#
##### ###


You could see an iguana.

Vanquished Creatures
  An adder (D:2)
  A gnoll (D:1)
  A dart slug (D:1)
  2 ball pythons
  3 bats
  4 endoplasms
  A giant cockroach (D:1)
  6 goblins
  5 hobgoblins
  3 jackals (D:1)
  5 kobolds
  3 frilled lizards (D:1)
  2 rats (D:1)
37 creatures vanquished.

Notes
Turn   | Place    | Note
-------+----------+-------------------------------------------
     0 | D:1      | issech the Troll Monk began the quest for the Orb.
     0 | D:1      | Reached XP level 1. HP: 22/22 MP: 0/0
   140 | D:1      | Reached XP level 2. HP: 27/29 MP: 1/1
   143 | D:1      | Reached skill level 3 in Maces & Flails
   499 | D:1      | Reached XP level 3. HP: 36/36 MP: 2/2
   968 | D:2      | Identified the +3 whip of the Eight Tables {holy, rElec
                  | Str+6}
  1149 | D:2      | Found a faded altar of an unknown god.
  1320 | D:2      | Slain by an iguana

Illustrated notes

Levels and vault maps discovered:
D:1:      mrwooster_arrival_statue_3, layout_loops_cross, serial_rivers,
          chequers_serial_rivers_small_b, chequers_serial_rivers_micro_e,
          chequers_serial_rivers_micro_d, chequers_serial_rivers_micro_b,
          chequers_serial_rivers_small_b, nicolae_concentric_dashed_squares_wild
D:2:      layout_loops_ring, dilly_ecumenical_altar_fadedgnrine, st_stairs_10,
          chequers_serial_rivers_small_3

Skill      XL: |  1  2 |
---------------+-------+-----
Maces & Flails | 3 |  3.6
Fighting       | |  2.8
Dodging        | |  2.9
Stealth        | |  1.1

Action                   || total
-------------------------++-------
Melee: Mace              ||    49
       Flail             ||    47
       Whip              ||    19
       Punch             ||     1
 Stab: Sleeping          ||     1
Armor: Robe              ||    58
Dodge: Dodged            ||    62
